 Dungeon Crawl Stone Soup version 0.28-a0-1638-g9123634e07 (webtiles) character file.

Game seed: 7438351098486826998

5042 HallandMoats the Skirmisher (level 10, -7/86 HPs)
             Began as a Ghoul Fighter on Jan 25, 2022.
             Was a Priest of Dithmenos.
             Mangled by a troll (12 damage)
             ... on level 10 of the Dungeon.
             The game lasted 00:13:17 (10810 turns).

HallandMoats the Skirmisher (Ghoul Fighter)        Turns: 10810, Time: 00:13:18

Health: -7/86      AC: 19    Str: 23    XL:     10   Next: 55%
Magic:  13/13      EV: 13    Int:  5    God:    Dithmenos [***...]
Gold:   599        SH: 10    Dex: 14    Spells: 9/9 levels left

rFire   . . .      SeeInvis .   w - +2 flail (protect)
rCold   + . .      Faith    .   b - +0 buckler
rNeg    + + +      Spirit   .   H - +0 acid dragon scales
rPois   ∞          Reflect  +   F - +0 helmet
rElec   .          Harm     .   (no cloak)
rCorr   +          Rampage  .   (no gloves)
Will    .....                   (no boots)
Stlth   ++++......              y - amulet of reflection
HPRegen 0.00/turn               j - +4 ring of protection
MPRegen 0.13/turn               s - +6 ring of dexterity

@: under a protective aura, inhibited regen, wreathed by umbra
A: claws 1, cold resistance 1, negative energy resistance 3, inhibited
regeneration, torment resistance 2
a: Renounce Religion, Shadow Step


You were on level 10 of the Dungeon.
You worshipped Dithmenos.
Dithmenos was most pleased with you.
You visited 1 branch of the dungeon, and saw 10 of its levels.

You collected 599 gold pieces.

Inventory:

Hand Weapons
 w - a +2 flail of protection (weapon)
 x - a +1 hand axe of freezing
Armour
 b - a +0 buckler (worn)
 e - a +2 pair of gloves
 F - a +0 helmet (worn)
 H - +0 acid dragon scales (worn)
Jewellery
 j - a +4 ring of protection (left claw)
 s - a +6 ring of dexterity (right claw)
 t - a ring of protection from fire
 y - an amulet of reflection (around neck)
 B - an amulet of guardian spirit
 E - a +6 ring of intelligence
 J - a ring of flight
Wands
 c - a wand of paralysis (4)
 m - a wand of polymorph (10)
 p - a wand of acid (3)
 z - a wand of flame (10)
 I - a wand of iceblast (6)
 K - a wand of charming (6)
Scrolls
 a - a scroll of blinking
 d - a scroll of enchant weapon
 i - 8 scrolls of teleportation
 k - a scroll of torment
 l - a scroll of fog
 v - 3 scrolls of silence
 D - 2 scrolls of amnesia
Potions
 f - 4 potions of mutation {unknown}
 g - 3 potions of ambrosia {unknown}
 h - 4 potions of curing
 n - a potion of magic {unknown}
 o - 2 potions of invisibility {unknown}
 q - a potion of might
 r - 2 potions of berserk rage {unknown}
 u - a potion of lignification {unknown}
 A - 2 potions of degeneration {unknown}
 C - a potion of haste {unknown}
 G - a potion of cancellation {unknown}


   Skills:
 + Level 7.5 Fighting
 * Level 4.2 Maces & Flails
 + Level 5.7 Armour
 + Level 4.7 Dodging
 + Level 6.9 Stealth
 + Level 5.7 Shields
 - Level 5.0 Unarmed Combat
 + Level 5.8 Invocations


You had 9 spell levels left.
You didn't know any spells.
Your spell library contained the following spells:

 Spells                   Type           Power      Damage    Failure   Level
 Corpse Rot               Necr/Air       0%         N/A       77%         2
 Ensorcelled Hibernation  Hex/Ice        0%         N/A       77%         2
 Poisonous Vapours        Pois/Air       0%         N/A       77%         2
 Confusing Touch          Hex            0%         N/A       94%         3
 Gell's Gravitas          Tloc           0%         N/A       94%         3
 Lesser Beckoning         Tloc           0%         N/A       94%         3
 Teleport Other           Tloc           0%         N/A       94%         3
 Anguish                  Hex/Necr       0%         N/A       100%        4
 Dispel Undead            Necr           0%         3d6       100%        4
 Yara's Violent Unravell  Hex/Tmut       0%         3d3       100%        5
 Death Channel            Necr           0%         N/A       100%        6
 Dispersal                Tloc           0%         N/A       100%        6
 Enfeeble                 Hex            0%         N/A       100%        7
 Spider Form              Tmut/Pois      Unusable   N/A       N/A         3

Dungeon Overview and Level Annotations

Branches:
Dungeon (10/15)            Temple (0/1) D:7
   Lair: D:8-11         Orc: D:9-12

Altars:
Dithmenos
Fedhas
Hepliaklqana
Nemelex Xobeh
Trog
Uskayaw
Wu Jian
Xom
Yredelemnul
Zin
The Shining One

Shops:
D:1 *

Annotations:
D:9 1 runed translucent door


Innate Abilities, Weirdness & Mutations

You thrive by killing the living.
You are immune to poison.
You have sharp fingernails.
Your flesh is cold resistant. (rC+)
You are immune to negative energy. (rN+++)
You do not regenerate when monsters are visible.
You are immune to unholy pain and torment.


Message History

You are too injured to fight recklessly!
You are too injured to fight recklessly!
You are too injured to fight recklessly!
You are too injured to fight recklessly!
You closely miss the troll.
The troll is heavily wounded.
You block the troll's attack. The troll claws you!
The troll claws you but does no damage.
You hit the troll.
The troll is heavily wounded.
The troll misses you. You block the troll's attack.
The troll barely misses you. You block the troll's attack. x2
The troll claws you but does no damage.
You hit the troll.
The troll is heavily wounded.
You block the troll's attack. x2; The troll claws you but does no damage.
You hit the troll.
The troll is heavily wounded.
The troll closely misses you. The troll claws you!
* * * LOW HITPOINT WARNING * * *
The troll misses you.
You barely miss the troll.
The troll is heavily wounded.
The troll misses you. The troll barely misses you. The troll claws you!
* * * LOW HITPOINT WARNING * * *
You barely miss the troll.
The troll is heavily wounded.
The troll bites you!
* * * LOW HITPOINT WARNING * * *
The troll claws you but does no damage. The troll closely misses you.
The troll bites you but does no damage. You block the troll's attack. x2
You hit the troll but do no damage.
The troll is heavily wounded.
You block the troll's attack. The troll closely misses you.
The troll claws you but does no damage.
A vampire mosquito comes into view.
You thump the troll!
The troll is severely wounded.
The troll bites you!
You die...

#.##.# #.#
#<# #.##.#
#.# #.#
#.##.###.#
#.#
#.##.....#
#.#
#.##.###.#
#.# ..##.#
#.# #.#
..##.###.#
..#
#........###
###
..##.###.@T#
#.....#
#.........
.........#.#
###.......#
# ##.....##
##..y##
..#..


You could see a troll and a vampire mosquito.

Vanquished Creatures
  A two-headed ogre (D:8)
  A deep elf pyromancer (D:9)
  Sigmund (D:7)
  A wraith (D:9)
  2 wyverns
  3 yaks (D:10)
  A steam dragon (D:7)
  An acid dragon (D:9)
  Edmund (D:7)
  3 water moccasins
  An orc warrior (D:9)
  A sky beast (D:6)
  2 necrophages
  A centaur (D:10)
  3 ogres
  2 wyvern zombies
  A bullfrog (D:9)
  A scorpion (D:5)
  3 killer bees (D:10)
  13 wights
  A hound (D:6)
  3 centaur zombies
  A jelly (D:6)
  4 orc priests
  4 iguanas
  5 orc wizards
  2 killer bee zombies
  A hound skeleton (D:4)
  A mummy (D:7)
  A howler monkey zombie (D:9)
  8 adders
  2 white imps
  An adder skeleton (D:4)
  3 dart slugs
  13 orcs
  5 ball pythons
  4 bats
  4 endoplasms
  7 giant cockroaches
  2 goblins
  7 hobgoblins
  7 jackals
  5 quokkas
  4 frilled lizards
  2 hobgoblin zombies (D:7)
  8 kobolds
  5 rats
153 creatures vanquished.

Vanquished Creatures (others)
  An orc wizard (D:7)
  A white imp (D:7)
  A fungus (D:2)
3 creatures vanquished.

Grand Total: 156 creatures vanquished

Notes
Turn   | Place    | Note
-------+----------+-------------------------------------------
     0 | D:1      | HallandMoats the Ghoul Fighter began the quest for the Orb.
     0 | D:1      | Reached XP level 1. HP: 19/19 MP: 0/0
    48 | D:1      | Found Ummeoc's Assorted Antiques.
   255 | D:1      | Reached XP level 2. HP: 24/26 MP: 1/1
   926 | D:2      | Reached XP level 3. HP: 33/33 MP: 2/2
   939 | D:2      | Found a faded altar of an unknown god.
  1010 | D:2      | Prayed at the altar of an unknown god.
  1010 | D:2      | Became a worshipper of Dithmenos the Shadowed
  1010 | D:2      | Reached * piety under Dithmenos
  1293 | D:2      | Reached skill level 1 in Invocations
  2064 | D:3      | Reached XP level 4. HP: 37/40 MP: 3/3
  2848 | D:4      | Reached skill level 4 in Fighting
  2848 | D:4      | Reached skill level 1 in Dodging
  2848 | D:4      | Reached XP level 5. HP: 21/46 MP: 5/5
  2866 | D:4      | Paralysed by a goblin for 4 turns
  3079 | D:4      | Reached ** piety under Dithmenos
  3106 | D:4      | Reached skill level 1 in Stealth
  3523 | D:4      | Noticed a necrophage
  3531 | D:4      | Killed a necrophage
  3532 | D:4      | Reached XP level 6. HP: 51/53 MP: 6/6
  3802 | D:5      | Entered Level 5 of the Dungeon
  3934 | D:5      | Reached XP level 7. HP: 60/60 MP: 7/7
  4446 | D:6      | HP: 3/60 [wyvern zombie (10)]
  4890 | D:6      | Noticed a wyvern
  4980 | D:5      | Reached skill level 5 in Fighting
  5509 | D:6      | Reached XP level 8. HP: 55/69 MP: 9/9
  5797 | D:6      | Reached skill level 5 in Unarmed Combat
  6282 | D:6      | Found a sparkling altar of Nemelex Xobeh.
  6398 | D:6      | Found an ornate altar of the Wu Jian Council.
  6398 | D:6      | Found a shimmering altar of Xom.
  6552 | D:6      | Reached skill level 6 in Fighting
  6666 | D:7      | Found a staircase to the Ecumenical Temple.
  6750 | D:7      | Reached skill level 5 in Stealth
  7229 | D:7      | Reached XP level 9. HP: 64/77 MP: 11/11
  7317 | D:7      | Noticed Edmund
  7334 | D:7      | Killed Edmund
  7389 | D:7      | Noticed Sigmund
  7393 | D:7      | Killed Sigmund
  8164 | D:8      | Reached skill level 1 in Maces & Flails
  8495 | D:8      | Noticed a two-headed ogre
  8505 | D:8      | Killed a two-headed ogre
  8506 | D:8      | Reached skill level 5 in Armour
  8506 | D:8      | Reached skill level 5 in Shields
  8506 | D:8      | Reached skill level 5 in Invocations
  8651 | D:9      | Reached skill level 7 in Fighting
  8748 | D:9      | Reached *** piety under Dithmenos
  8765 | D:9      | Found a hazy altar of Hepliaklqana.
  8765 | D:9      | Found a basalt altar of Yredelemnul.
  8782 | D:9      | Found a bloodstained altar of Trog.
  8839 | D:9      | Reached XP level 10. HP: 72/86 MP: 12/12
  8908 | D:10     | Entered Level 10 of the Dungeon
  9247 | D:9      | Found a hide-covered altar of Uskayaw.
  9744 | D:9      | Found a runed translucent door.
  9744 | D:9      | Noticed a deep elf pyromancer
  9745 | D:9      | Noticed a seven-headed hydra
  9745 | D:9      | Noticed a boulder beetle
  9748 | D:9      | Noticed a manticore
  9759 | D:9      | Killed a deep elf pyromancer
 10640 | D:10     | Found a blossoming altar of Fedhas.
 10810 | D:10     | Mangled by a troll

Illustrated notes

Levels and vault maps discovered:
D:1:      dpeg_arrival_round_b, layout_loops_ring, serial_shops, shop_fountains
D:2:      layout_basic, ebering_ecumenical_altar_webs, minmay_shallow_snake_nest
D:3:      layout_basic, nicolae_tso_carved_into_rock, lemuel_tele_altar
D:4:      nicolae_BIG_FREAKIN_CUBE, layout_loops_ring
D:5:      layout_cave_pools
D:6:      layout_rooms, nemelex_xobeh_ov_fountains_minmay,
          mainiacjoe_overflow_large_starburst, grunt_ministairs_1
D:7:      layout_rooms, minmay_temple_entry_nine_rooms,
          nicolae_ossuary_entry_giza, st_stairs_2, sigmund_edmund_badplayer
D:8:      layout_basic
D:9:      layout_basic, nicolae_overflow_quartered_altars, minivault_13
D:10:     layout_loops_ring, kennysheep_mini_moat, mainiacjoe_overflow_24_doors,
          makhleb_altar_promises_db, dpeg_lair_monsters, enter_bailey_2

Skill      XL: |  1  2  3  4  5  6  7  8  9 10 |
---------------+-------------------------------+-----
Invocations    | 1 2 4 5 |  5.8
Shields        | 3 4 5 |  5.7
Unarmed Combat | 3 4 5 |  5.0
Armour         | 3 4 5 |  5.7
Fighting       | 4 5 6 7 |  7.5
Dodging        | 1 2 3 4 |  4.7
Stealth        | 2 3 5 6 |  6.9
Maces & Flails | 2 4 |  4.2

Action                   |  1- 3 |  4- 6 |  7- 9 | 10-12 || total
-------------------------+-------+-------+-------+-------++-------
Melee: Unarmed           |   160 |   158 |   104 |       ||   422
       Flail             |       |       |   267 |   163 ||   430
Evoke: Wand              |       |       |     3 |     1 ||     4
  Use: Potion            |       |     1 |       |     1 ||     2
       Scroll            |       |       |    11 |       ||    11
 Stab: Sleeping          |       |       |     7 |     5 ||    12
       Paralysed         |       |       |     3 |       ||     3
Armor: Scale mail        |    75 |    65 |   105 |       ||   245
       Steam dragon scal |       |       |    70 |       ||    70
       Acid dragon scale |       |       |     5 |    62 ||    67
Dodge: Dodged            |    82 |    79 |   240 |   163 ||   564
Block: Buckler           |    30 |    28 |   139 |   130 ||   327

Table legend: (Time is in decaauts)
 A = Elapsed time spent in this place.
 B = Non-inter-level travel time spent in this place.
 C = Inter-level travel time spent in this place.
 D = Time resting spent in this place.
 E = Time spent auto-exploring this place.
 F = Levels seen in this place.
 G = Mean time per level.
                   A        B        C        D        E       F      G
               +--------+--------+--------+--------+--------+-----+--------+
         Total |  10958 |  10608 |    350 |   1708 |   7008 |  10 | 1095.8 |
       Dungeon |  10958 |  10608 |    350 |   1708 |   7008 |  10 | 1095.8 |
               +--------+--------+--------+--------+--------+-----+--------+

Top non-repeatable levels by time:
     D:6: 1618 daAuts
     D:5: 1305 daAuts
     D:4: 1298 daAuts
     D:9: 1286 daAuts
     D:2: 1143 daAuts
    D:10: 939 daAuts
     D:8: 914 daAuts
     D:1: 881 daAuts
     D:7: 810 daAuts
     D:3: 760 daAuts
